 Dungeon Crawl Stone Soup version 0.31-a0-986-g5e6e4ef867 (webtiles) character file.

Game seed: 3737653926205800295

457 Xavori the Trooper (level 7, -11/52 HPs)
             Began as a Djinni Chaos Knight on Nov 3, 2023.
             Was a Plaything of Xom.
             Mangled by a troll (shapeshifter) (25 damage)
             ... on level 4 of the Dungeon.
             The game lasted 00:03:13 (5575 turns).

Xavori the Trooper (Djinni Chaos Knight)            Turns: 5575, Time: 00:03:14

Health: -11/52     AC: 12    Str: 11    XL:     7   Next: 27%
Gold:   195        EV: 13    Int: 13    God:    Xom [......] SH:  5 Dex: 15

rFire   + + .        a - +0 falchion (chaos)
rCold   x . .        (no shield)
rNeg    . . .        b - +2 leather armour
rPois   ∞            (no helmet)
rElec   .            e - scarf {shadows}
rCorr   .            (no gloves)
SInv    .            (boots unavailable)
Will    .....        d - amulet of reflection
Stlth   +            (no ring)
HPRegen 1.08/turn    (no ring)
MPRegen 0.00/turn

%: reflection, infuse magic (-12 HP)
@: flying
A: sickness immunity, fire resistance 2, cold vulnerability 1, float, innate
caster, HP casting, extra vitality 1, iridescent scales 3, regeneration 1,
shaggy fur 1
a: Renounce Religion


You were on level 4 of the Dungeon.
You worshipped Xom.
You were a very special plaything of Xom.
You visited 1 branch of the dungeon, and saw 4 of its levels.

You collected 195 gold pieces.

Inventory:

Hand Weapons
 a - a +0 falchion of chaos (weapon)
Armour
 b - a +2 leather armour (worn)
 e - a scarf of shadows (worn)
Jewellery
 d - an amulet of reflection (around neck)
Wands
 o - a wand of charming (10)
 p - a wand of quicksilver (2)
Scrolls
 c - a scroll of butterflies
 f - a scroll of immolation {unknown}
 i - 3 scrolls of teleportation {unknown}
 n - a scroll of enchant weapon {unknown}
 q - a scroll of revelation {unknown}
Potions
 g - a potion of ambrosia {unknown}
 h - 2 potions of curing {unknown}
 j - a potion of berserk rage {unknown}
 k - a potion of degeneration {unknown}
 l - 2 potions of mutation {unknown}
 m - a potion of enlightenment {unknown}
 r - a potion of cancellation {unknown}
 s - a potion of attraction {unknown}


   Skills:
 + Level 4.1 Fighting
 + Level 3.7 Long Blades
 + Level 2.9 Armour
 + Level 3.7 Dodging
 * Level 2.4 Spellcasting
 * Level 2.4 Conjurations
 * Level 2.4 Hexes
   Level 0.0 Charms
 * Level 2.4 Summonings
 * Level 2.4 Necromancy
 * Level 2.4 Translocations
 * Level 2.4 Transmutations
 * Level 2.4 Fire Magic
 * Level 2.4 Ice Magic
 * Level 2.4 Air Magic
 * Level 2.4 Earth Magic
 * Level 2.4 Poison Magic
 + Level 1.4 Evocations


You knew the following spells:

 Your Spells              Type           Power      Damage    Failure   Level
a - Apportation           Tloc           14%        N/A       12%         1
b - Jinxbite              Hex            14%        N/A       17%         2
c - Lesser Beckoning      Tloc           14%        N/A       17%         2
Your spell library was empty.

Dungeon Overview and Level Annotations

Branches:
Dungeon (4/15)
 Temple: D:4-7

Altars:
Hepliaklqana

Shops:
D:4 (

Annotations:
D:4 1 runed translucent door, Crazy Yiuf


Innate Abilities, Weirdness & Mutations

You are immune to sickness and miasma.
You are immune to poison.
Your flesh is very heat resistant. (rF++)
You are vulnerable to cold. (rC-)
You float through the air rather than walking.
You learn spells naturally, not from books.
Your magical power is your life essence.
You have superior vitality. (+4 MHP)
You are completely covered in iridescent scales. (AC +6)
Your natural rate of healing is unusually fast.
You are covered in fur. (AC +1)


Message History

You barely miss the troll. The troll bites you. The troll closely misses you.
The troll barely misses you. The endoplasm freezes you.
You are frozen!
You feel a terrible chill!
Unknown command.
You hit the troll but do no damage. The troll bites you but does no damage.
The troll closely misses you. The troll claws you.
The endoplasm barely misses you. The troll barely misses you. x2
The troll claws you!
You hit the troll.
The troll is poisoned.
The troll is lightly wounded.
The endoplasm freezes you.
You are frozen.
You feel a terrible chill!
Xom roars with laughter!
The troll bites you! The troll barely misses you. You block the troll's attack.
The endoplasm freezes you.
You are frozen.
You feel a terrible chill!
The endoplasm attacks as it pursues you!
The endoplasm closely misses you.
Aiming: Quicksilver Bolt
Press: ? - help, Shift-Dir - straight line, f - troll
Aim: a troll shaped shifter (very poisoned, 71% to hit)
The bolt of dispelling energy hits the endoplasm!!
You kill the endoplasm!
The bolt of dispelling energy hits the troll!
The troll is heavily wounded.
Aiming: Quicksilver Bolt
Press: ? - help, Shift-Dir - straight line, f/p - troll
Aim: a troll shaped shifter (heavily wounded, very poisoned, 71% to hit)
The bolt of dispelling energy hits the troll!
The troll is severely wounded.
The troll bites you but does no damage. You block the troll's attack.
The troll claws you!
* * * LOW HITPOINT WARNING * * *
Unknown command.
You hit the troll.
The troll seems to grow stronger.
The troll is almost dead.
The troll bites you!!
You die...
Xom snickers!

##.######## .#.....≈≈#
##.#.....~≈######
#.<#....~≈≈##...##
#######..#....~≈.''...#.
##........#.....≈≈##.....
#!.....#..#.)†..~≈##.....
*#......T..#....~≈≈##.....
..###.##@.#.########..... *
#.#..##.#.##.........
..####.#.###....###.......
#..........# ####..#.......)
#...<......#######>.......÷<
#...)......##.)....##.......
#.............)###.#.......#
#...........................
###..........#####..........##


You could see a troll shaped shifter (strong, very poisoned).

Vanquished Creatures
  A black bear (D:3)
  3 jellies
  A hound (D:4)
  An iguana (D:3)
  4 adders
  2 worms
  6 dart slugs
  3 orcs
  3 bats
  7 endoplasms
  2 giant cockroaches
  5 hobgoblins
  5 quokkas
  7 ball pythons
  2 frilled lizards (D:2)
  9 goblins
  9 kobolds
  9 rats
79 creatures vanquished.

Vanquished Creatures (collateral kills)
  A hobgoblin (D:1)
1 creature vanquished.

Vanquished Creatures (others)
  A slime creature (shapeshifter) (D:4)
1 creature vanquished.

Grand Total: 81 creatures vanquished

Notes
Turn   | Place    | Note
-------+----------+-------------------------------------------
     0 | D:1      | Xavori the Djinni Chaos Knight began the quest for the Orb.
     0 | D:1      | Reached XP level 1. HP: 20/20 MP: 0/0
    78 | D:1      | Reached XP level 2. HP: 21/25 MP: 0/0
   371 | D:1      | Reached XP level 3. HP: 30/30 MP: 0/0
   371 | D:1      | Learned a level 1 spell: Apportation
   428 | D:1      | XOM: noise
   475 | D:1      | Found a faded altar of an unknown god.
   760 | D:1      | XOM: silly message
   979 | D:2      | Reached skill level 1 in Spellcasting
   979 | D:2      | Reached skill level 1 in Conjurations
   979 | D:2      | Reached skill level 1 in Hexes
   979 | D:2      | Reached skill level 1 in Summonings
   979 | D:2      | Reached skill level 1 in Necromancy
   979 | D:2      | Reached skill level 1 in Translocations
   979 | D:2      | Reached skill level 1 in Transmutations
   979 | D:2      | Reached skill level 1 in Fire Magic
   979 | D:2      | Reached skill level 1 in Ice Magic
   979 | D:2      | Reached skill level 1 in Air Magic
   979 | D:2      | Reached skill level 1 in Earth Magic
   979 | D:2      | Reached skill level 1 in Poison Magic
  3587 | D:1      | XOM: divination: detect items
  3638 | D:1      | XOM: give mutations
  3638 | D:1      | Gained mutation: You passively map a small area around you.
                  | [Xom's grace]
  3638 | D:1      | Gained mutation: Your natural rate of healing is unusually
                  | fast. [Xom's grace]
  3638 | D:1      | Gained mutation: You are partially covered in iridescent
                  | scales. (AC +2) [Xom's grace]
  3638 | D:1      | Gained mutation: You are mostly covered in iridescent
                  | scales. (AC +4) [Xom's grace]
  3719 | D:2      | Reached XP level 4. HP: 34/35 MP: 0/0
  4140 | D:3      | Found a hazy altar of Hepliaklqana.
  4174 | D:3      | Noticed a black bear
  4175 | D:3      | XOM: fake destruction
  4192 | D:3      | Killed a black bear
  4193 | D:3      | Reached XP level 5. HP: 30/41 MP: 0/0
  4193 | D:3      | Learned a level 2 spell: Jinxbite
  4716 | D:3      | XOM: scenery: summon butterflies
  4959 | D:3      | XOM: give mutations
  4959 | D:3      | Gained mutation: You are completely covered in iridescent
                  | scales. (AC +6) [Xom's grace]
  4959 | D:3      | Gained mutation: You are covered in fur. (AC +1) [Xom's
                  | grace]
  4959 | D:3      | Gained mutation: Your muscles are strong. (Str +4, Int/Dex
                  | -1) [Xom's grace]
  5011 | D:4      | XOM: confuse monster(s)
  5025 | D:3      | Reached XP level 6. HP: 35/47 MP: 0/0
  5110 | D:4      | Found Ladustou's Weapon Shop.
  5254 | D:4      | a goblin changed into a glowing shapeshifter
  5254 | D:4      | Noticed a glowing shapeshifter (glowing shapeshifter)
  5254 | D:4      | a glowing shapeshifter changed into a dream sheep
  5254 | D:4      | Noticed a dream sheep (glowing shapeshifter)
  5257 | D:4      | XOM: confuse monster(s)
  5259 | D:4      | a dream sheep changed into a faun
  5259 | D:4      | Noticed a faun (glowing shapeshifter)
  5259 | D:4      | a faun changed into a boulder beetle
  5259 | D:4      | Noticed a boulder beetle (glowing shapeshifter)
  5270 | D:4      | a boulder beetle changed into a slime creature
  5270 | D:4      | Noticed a slime creature (glowing shapeshifter)
  5278 | D:4      | Killed a slime creature
  5278 | D:4      | XOM: divine lightning
  5279 | D:4      | Reached skill level 4 in Fighting
  5279 | D:4      | Reached skill level 1 in Evocations
  5279 | D:4      | Reached XP level 7. HP: 43/52 MP: 0/0
  5279 | D:4      | Learned a level 2 spell: Lesser Beckoning
  5394 | D:4      | Found a runed translucent door.
  5395 | D:4      | Noticed Crazy Yiuf
  5522 | D:4      | XOM: god gift: staff of cold
  5538 | D:4      | XOM: give mutations
  5538 | D:4      | Lost mutation: You passively map a small area around you.
                  | [Xom's mischief]
  5538 | D:4      | Lost mutation: Your muscles are strong. (Str +4, Int/Dex
                  | -1) [Xom's mischief]
  5566 | D:4      | a quokka changed into a shapeshifter
  5566 | D:4      | Noticed a shapeshifter (shapeshifter)
  5566 | D:4      | a shapeshifter changed into a troll
  5566 | D:4      | Noticed a troll (shapeshifter)
  5575 | D:4      | Mangled by a troll (shapeshifter)

Illustrated notes

Levels and vault maps discovered:
D:1:      eino_arrival_water_star, layout_loops_ring,
          shapermc_ecumenical_altar_ellora, st_stairs_13, minmay_misc_feat_doors
D:2:      minmay_skewed_foursquare, layout_rooms, minmay_tetromino_t2
D:3:      layout_loops_corners, mainiacjoe_overflow_catwalk
D:4:      layout_rooms, serial_shops, nicolae_shop_bloodbath_and_beyond,
          minmay_goblin_outpost, uniq_crazy_yiuf_cottage

Skill      XL: |  1  2  3  4  5  6 |
---------------+-------------------+-----
Long Blades    | 3 |  3.7
Spellcasting   | 1 2 |  2.4
Conjurations   | 1 2 |  2.4
Hexes          | 1 2 |  2.4
Summonings     | 1 2 |  2.4
Necromancy     | 1 2 |  2.4
Translocations | 1 2 |  2.4
Transmutations | 1 2 |  2.4
Fire Magic     | 1 2 |  2.4
Ice Magic      | 1 2 |  2.4
Air Magic      | 1 2 |  2.4
Earth Magic    | 1 2 |  2.4
Poison Magic   | 1 2 |  2.4
Armour         | 2 |  2.9
Dodging        | 3 |  3.7
Fighting       | 4 |  4.1
Evocations     | 1 |  1.4

Action                     |  1- 3 |  4- 6 |  7- 9 || total
---------------------------+-------+-------+-------++-------
  Melee: Falchion          |    92 |   155 |    28 ||   275
         Punch             |     1 |       |       ||     1
   Cast: Jinxbite          |       |     1 |       ||     1
  Evoke: Wand              |       |     3 |     2 ||     5
   Stab: Sleeping          |       |     1 |     1 ||     2
         Confused          |       |     1 |       ||     1
 Armour: Leather armour    |    46 |   101 |    19 ||   166
  Dodge: Dodged            |    40 |    79 |    18 ||   137
  Block: Other             |     8 |    54 |    10 ||    72
         Reflection        |     1 |     2 |       ||     3

Table legend: (Time is in decaauts)
 A = Elapsed time spent in this place.
 B = Non-inter-level travel time spent in this place.
 C = Inter-level travel time spent in this place.
 D = Time resting spent in this place.
 E = Time spent auto-exploring this place.
 F = Levels seen in this place.
 G = Mean time per level.
                   A        B        C        D        E       F      G
               +--------+--------+--------+--------+--------+-----+--------+
         Total |   5612 |   5547 |     65 |   2851 |   2068 |   4 | 1403.0 |
       Dungeon |   5612 |   5547 |     65 |   2851 |   2068 |   4 | 1403.0 |
               +--------+--------+--------+--------+--------+-----+--------+

Top non-repeatable levels by time:
     D:1: 3628 daAuts
     D:3: 919 daAuts
     D:4: 571 daAuts
     D:2: 493 daAuts
